 Dungeon Crawl Stone Soup version 0.31-a0-986-g5e6e4ef867 (webtiles) character file.

Game seed: 6353248684069410104

1 croobank the Sneak (level 1, -1/18 HPs)
             Began as a Demigod Delver on Nov 4, 2023.
             Slain by a gnoll
             ... wielding a +0 spear
              (3 damage)
             ... on level 4 of the Dungeon.
             The game lasted 00:05:56 (361 turns).

croobank the Sneak (Demigod Delver)                  Turns: 361, Time: 00:05:56

Health: -1/18      AC:  3    Str: 13    XL:     1   Next: 13%
Magic:  3/3        EV: 11    Int: 12    God:
Gold:   19         SH:  0    Dex: 15    Spells: 0/0 levels left

rFire   . . .        a - +0 short sword
rCold   . . .        (no shield)
rNeg    . . .        b - +0 leather armour
rPois   .            (no helmet)
rElec   .            (no cloak)
rCorr   .            (no gloves)
SInv    .            (no boots)
Will    .....        (no amulet)
Stlth   +++          (no ring)
HPRegen 0.23/turn    (no ring)
MPRegen 0.08/turn

%: no passive effects
@: no status effects
A: high MP 1, forlorn, divine attributes
a: no special abilities


You were on level 4 of the Dungeon.
You visited 1 branch of the dungeon, and saw 3 of its levels.

You collected 19 gold pieces.

Inventory:

Hand Weapons
 a - a +0 short sword (weapon)
Armour
 b - a +0 leather armour (worn)
Wands
 g - a wand of digging (3)
Scrolls
 c - a scroll of fog
 e - a scroll of identify {unknown}
Potions
 d - a potion of heal wounds {unknown}
 i - a potion of mutation {unknown}


   Skills:
 - Level 2.6 Fighting
 - Level 1.7 Short Blades
 - Level 1.7 Dodging
 + Level 4.6 Stealth


You couldn't memorise any spells.
You didn't know any spells.
Your spell library contained the following spells:

 Spells                   Type           Power      Damage    Failure   Level
 Ozocubu's Armour         Ice            0%         N/A       77%         3
 Metabolic Englaciation   Hex/Ice        0%         N/A       100%        5
 Simulacrum               Ice/Necr       0%         N/A       100%        6


Dungeon Overview and Level Annotations

Branches:
Dungeon (6/15)
 Temple: D:4-7

Annotations:
D:6 Maggie


Innate Abilities, Weirdness & Mutations

You have an increased reservoir of magic. (+10% MP)
You shall have no god before yourself.
Your divine heritage dramatically boosts your attributes as you level up.


Message History

There is a stone staircase leading down here.
You see here a +0 quarterstaff.
You now have 19 gold pieces.
An orc wizard comes into view. It is wielding a +0 dagger.
An orc comes into view. It is wielding a +0 dagger.
The orc shouts!
The orc wizard shouts!
An orc comes into view. It is wielding a +0 hand axe.
An orc comes into view. It is wielding a +0 dagger.
You see here a +0 quarterstaff.
There is a stone staircase leading down here.
An iguana comes into view.
The iguana hisses angrily.
Found a stone staircase leading up.
There is a stone staircase leading up here.
You climb upwards.
There is a stone staircase leading down here.
d - a yellow potion
e - a scroll labelled WIEWNI BAEPTOB An endoplasm comes into view.
The helpless endoplasm fails to defend itself.
You puncture the endoplasm!
You kill the endoplasm! 2 gnolls come into view.
A gnoll is wielding a +0 club.
Found 11 gold pieces.
The gnoll shouts! x2; You hear a shout!
A gnoll comes into view. It is wielding a +0 club.
The gnoll moves out of view.
The gnoll throws a throwing net.
The throwing net hits you.
You become entangled in the net!
You see here a throwing net.
You struggle against the net.
You tear a large gash into the net.
The gnoll hits you with a +0 club.
You rip the net and break free!
The gnoll hits you with a +0 club! The gnoll attacks as it pursues you!
The gnoll barely misses you. The gnoll attacks as it pursues you!
The gnoll hits you from afar with a +0 spear!
* * * LOW HITPOINT WARNING * * *
The gnoll attacks as it pursues you!
The gnoll hits you from afar with a +0 spear.
You die...

############..##.#
#.# #..##.# #.#
#..##.#####g#
#....#g..g..#
########.##.#######
.........##.#
###########g# #.#
#@# #.# #.# #.. ##.
.# .# .#


You could see 2 gnolls.

Vanquished Creatures
  An endoplasm (D:4)
1 creature vanquished.

Notes
Turn   | Place    | Note
-------+----------+-------------------------------------------
     0 | D:5      | croobank the Demigod Delver began the quest for the Orb.
     0 | D:5      | Reached XP level 1. HP: 18/18 MP: 3/3
    68 | D:6      | Noticed a bullfrog
    76 | D:6      | Noticed Maggie
   186 | D:5      | Noticed an orc wizard
   233 | D:5      | Noticed an iguana
   361 | D:4      | Slain by a gnoll

Illustrated notes

Levels and vault maps discovered:
D:4:      kennysheep_the_goblin_king, layout_loops_ring
D:5:      layout_loops_corners, kennysheep_small_spiral, uniq_edmund
D:6:      layout_basic, nicolae_wu_jian_wuxing_cycle,
          grunt_temple_overflow_open, uniq_blork_the_orc, uniq_prince_ribbit1,
          uniq_maggie

Action                     || total
---------------------------++-------
  Melee: Short sword       ||     3
    Use: Scroll            ||     3
         Potion            ||     1
   Stab: Sleeping          ||     1
 Armour: Leather armour    ||     6
  Dodge: Dodged            ||     1

Table legend: (Time is in decaauts)
 A = Elapsed time spent in this place.
 B = Non-inter-level travel time spent in this place.
 C = Inter-level travel time spent in this place.
 D = Time resting spent in this place.
 E = Time spent auto-exploring this place.
 F = Levels seen in this place.
 G = Mean time per level.
                   A        B        C        D        E       F      G
               +--------+--------+--------+--------+--------+-----+--------+
         Total |    340 |    340 |      0 |     23 |    169 |   3 |  113.3 |
       Dungeon |    340 |    340 |      0 |     23 |    169 |   3 |  113.3 |
               +--------+--------+--------+--------+--------+-----+--------+

Top non-repeatable levels by time:
     D:6: 130 daAuts
     D:4: 107 daAuts
     D:5: 102 daAuts
